 Dungeon Crawl Stone Soup version 0.23.1 (webtiles) character file.

Game seed: 12512000760652109288

1380 elfaar the Basher (level 8, 0/106 HPs)
             Began as a Minotaur Berserker on Mar 6, 2019.
             Was an Elder of Trog.
             Slain by a wyvern zombie (11 damage)
             ... in an ossuary.
             The game lasted 00:25:57 (3582 turns).

elfaar the Basher (Minotaur Berserker)              Turns: 3582, Time: 00:25:58

Health: 0/106      AC: 11    Str: 31    XL:     8   Next: 39%
Magic:  7/7        EV: 12    Int:  4    God:    Trog [****..]
Gold:   208        SH:  0    Dex: 11    Spells: 7/7 levels left

rFire    + + +     SeeInvis .   a - +1 mace
rCold    . . .     Gourm    .   (no shield)
rNeg     . . .     Faith    .   g - +1 scale mail
rPois    +         Spirit   .   (helmet restricted)
rElec    +         Reflect  .   (no cloak)
rCorr    .         Harm     .   (no gloves)
MR       .....                  t - +1 pair of boots "Duvoam" {rElec rPois rF++ Stlth-}
Stlth    ..........             (no amulet)
HPRegen  0.27/turn              f - ring of protection from fire
MPRegen  0.10/turn              w - +3 ring of strength

@: berserking, very quick
A: retaliatory headbutt, horns 2
a: Berserk, Trog's Hand, Brothers in Arms, Renounce Religion


You were in an ossuary.
You worshipped Trog.
Trog was greatly pleased with you.
You were not hungry.

You visited 1 branch of the dungeon, and saw 6 of its levels.
You also visited: Sewer and Ossuary.

You collected 318 gold pieces.
You spent 110 gold pieces at shops.

Inventory:

Hand Weapons
 a - a +1 mace (weapon)
 e - a +0 mace
Missiles
 d - 114 stones (quivered)
Armour
 g - a +1 scale mail (worn)
 s - a +0 scale mail
 t - the +1 pair of boots "Duvoam" (worn) {rElec rPois rF++ Stlth-}
   (You found it on level 4 of the Dungeon)

   It greatly protects you from fire.
   It insulates you from electricity.
   It protects you from poison.
   It makes you less stealthy.
Jewellery
 f - a ring of protection from fire (left hand)
 w - a +3 ring of strength (right hand)
Wands
 y - a wand of flame (6)
Scrolls
 h - a scroll of blinking
 j - 3 scrolls of teleportation
 l - 2 scrolls of enchant weapon
 m - a scroll of fear
 n - a scroll of immolation
 v - a scroll of remove curse
 A - a scroll of identify
 D - a scroll of magic mapping
Potions
 b - 2 potions of haste
 i - 2 potions of heal wounds
 k - a potion of resistance
 o - a potion of might
 p - 2 potions of flight
 q - a potion of berserk rage {unknown}
 r - 3 potions of curing
 u - a potion of lignification {unknown}
 x - a potion of cancellation {unknown}
 B - a potion of magic {unknown}
Comestibles
 c - 8 rations


   Skills:
 + Level 6.3 Fighting
 + Level 8.9 Maces & Flails
 + Level 1.5 Throwing
 + Level 6.4 Armour
 + Level 4.4 Dodging


You had 7 spell levels left.
You didn't know any spells.
Your spell library was empty.

Dungeon Overview and Level Annotations

Branches:
Dungeon (6/15)
 Temple: D:4-7

Altars:
Ashenzari
Wu Jian
Zin

Shops:
D:4 !


Innate Abilities, Weirdness & Mutations

You reflexively headbutt those who attack you in melee.
You have a pair of horns on your head.


Message History

You furiously retaliate!
You headbutt the worker ant zombie!
You destroy the worker ant zombie!
Trog accepts your kill.
You barely miss the mummy.
The mummy is lightly damaged.
The wyvern zombie bites you!
* * * LOW HITPOINT WARNING * * *
The centaur zombie hits you but does no damage.
The mummy closely misses you.
You sock the centaur zombie!
You destroy the centaur zombie!
Trog accepts your kill. The wyvern zombie bites you.
* * * LOW HITPOINT WARNING * * *
You barely miss the mummy. You headbutt the mummy!
The mummy is severely damaged.
The mummy hits you.
* * * LOW HITPOINT WARNING * * *
The wyvern zombie bites you!
You die...

###########
#.#.#.#.#.# ###
###'#'#'#Z#M#'#'##
≈≈≈#.'≈.....M@.....'.
#≈≈#≈#####.#####.##
##≈.'≈#...#.#
#≈≈##≈'M..#.#
#≈≈P.≈#.!.#.#
#≈≈#≈#≈≈#####.#
≈≈###P.Z≈.# +.+ ≈≈
#(#≈#####.# #.'≈#..∩#


You could see 2 mummies and a wyvern zombie.

Vanquished Creatures
  2 hornet zombies (Ossuary)
  A centaur (D:5)
  A big kobold (Sewer)
  2 water moccasin zombies
  A centaur zombie (Ossuary)
  A bullfrog zombie (Ossuary)
  2 hounds
  An orc priest (D:4)
  10 mummies (Ossuary)
  An iguana (D:6)
  5 orc wizards
  4 worker ants
  2 killer bee zombies (Ossuary)
  A hound zombie (D:5)
  A howler monkey zombie (Ossuary)
  3 worker ant zombies
  3 gnolls (D:5)
  9 adders
  A howler monkey skeleton (D:4)
  A river rat (Sewer)
  A shadow imp (D:5)
  2 oozes
  2 adder zombies (Ossuary)
  2 dart slugs (D:2)
  4 leopard geckos
  8 orcs
  3 bats
  4 giant cockroaches
  5 goblins
  15 hobgoblins
  2 jackals (Sewer)
  5 quokkas
  A ball python (D:1)
  3 frilled lizards
  A jackal zombie (Ossuary)
  10 kobolds
  An orc zombie (D:6)
  2 quokka zombies
  10 rats
133 creatures vanquished.

Vanquished Creatures (collateral kills)
  A centaur zombie (Ossuary)
1 creature vanquished.

Vanquished Creatures (others)
  A withered plant (Ossuary)
1 creature vanquished.

Grand Total: 135 creatures vanquished

Notes
Turn   | Place    | Note
-------+----------+-------------------------------------------
     0 | D:1      | elfaar the Minotaur Berserker began the quest for the Orb.
     0 | D:1      | Reached XP level 1. HP: 19/19 MP: 0/0
   286 | D:1      | Reached XP level 2. HP: 23/27 MP: 1/1
   364 | D:1      | Reached skill level 4 in Maces & Flails
   696 | D:2      | Reached XP level 3. HP: 30/33 MP: 2/2
   739 | D:2      | Reached ** piety under Trog
   901 | D:2      | Found a shattered altar of Ashenzari.
  1493 | D:3      | Reached XP level 4. HP: 41/41 MP: 3/3
  1911 | D:3      | Reached skill level 5 in Maces & Flails
  1912 | D:3      | Found a glowing drain.
  1925 | Sewer    | Entered a sewer
  1976 | Sewer    | Noticed a big kobold
  1985 | Sewer    | Reached XP level 5. HP: 40/47 MP: 4/4
  1987 | Sewer    | Reached skill level 5 in Fighting
  2025 | Sewer    | Found a white marble altar of Elyvilon.
  2199 | D:4      | Reached XP level 6. HP: 42/56 MP: 5/5
  2244 | D:4      | Found Rujuod's Distillery.
  2257 | D:4      | Reached *** piety under Trog
  2259 | D:4      | Reached skill level 6 in Maces & Flails
  2266 | D:4      | Bought a potion of haste for 110 gold pieces
  2470 | D:4      | Got a pair of pitted boots
  2476 | D:4      | Identified the +1 pair of boots "Duvoam" {rElec rPois rF++
                  | Stlth-} (You found it on level 4 of the Dungeon)
  2487 | D:4      | Found an ornate altar of the Wu Jian Council.
  2498 | D:4      | Found a glowing silver altar of Zin.
  2739 | D:5      | Entered Level 5 of the Dungeon
  2953 | D:5      | Reached skill level 5 in Armour
  2953 | D:5      | Reached XP level 7. HP: 61/61 MP: 6/6
  3027 | D:5      | Reached skill level 7 in Maces & Flails
  3309 | D:6      | Found a sand-covered staircase.
  3324 | Ossuary  | Entered an ossuary
  3346 | Ossuary  | Reached **** piety under Trog
  3361 | Ossuary  | Reached skill level 8 in Maces & Flails
  3382 | Ossuary  | Reached XP level 8. HP: 20/70 MP: 7/7
  3551 | Ossuary  | Reached skill level 1 in Throwing
  3582 | Ossuary  | Slain by a wyvern zombie

Skill      XL: |  1  2  3  4  5  6  7  8 |
---------------+-------------------------+-----
Fighting       | 4 5 6 |  6.3
Maces & Flails | 4 5 6 8 |  8.9
Armour         | 3 4 5 6 |  6.4
Dodging        | 3 4 |  4.4
Throwing       | 1 |  1.5

Action                   |  1- 3 |  4- 6 |  7- 9 || total
-------------------------+-------+-------+-------++-------
Melee: Mace              |    58 |   147 |   130 ||   335
       Headbutt          |    11 |    29 |    32 ||    72
Throw: Stone             |       |     6 |    15 ||    21
Invok: Berserk           |       |     3 |     2 ||     5
  Use: Scroll            |     6 |     8 |     3 ||    17
       Potion            |       |     1 |     1 ||     2
  Eat: Chunk             |     2 |     7 |     2 ||    11
       Ration            |       |       |     1 ||     1
Armor: Scale mail        |    22 |    60 |    58 ||   140
       Animal skin       |     1 |       |       ||     1
Dodge: Dodged            |    37 |    73 |    74 ||   184
